 Dungeon Crawl Stone Soup version 0.30-a0-218-gedb9141078 (webtiles) character file.

Game seed: 16302114835535588921

82551 freelancePsychic the Fighter (level 15, -6/220 HPs)
             Began as an Armataur Gladiator on Oct 5, 2022.
             Was a High Priest of Trog.
             Killed by divine providence
             ... invoked by a deep elf high priest
              (12 damage)
             ... on level 1 of the Elven Halls.
             The game lasted 00:40:12 (20841 turns).

freelancePsychic the Fighter (Armataur Gladiator)  Turns: 20841, Time: 00:40:13

Health: -6/220     AC: 19    Str: 23    XL:     15   Next: 29%
Magic:  15/15      EV:  5    Int:  9    God:    Trog [*****.]
Gold:   1130       SH: 23    Dex: 21    Spells: 14/14 levels left

rFire   + . .      SeeInvis .    a - +1 demon whip (venom)
rCold   + + +      Faith    .    l - +3 tower shield
rNeg    . . .      Spirit   .    W - +2 plate armour {rPois}
rPois   +          Reflect  .    c - +2 helmet
rElec   .          Harm     .    U - scarf {rC+ rF+}
rCorr   .          Roll     +    (no gloves)
Will    +++..                    (no barding)
Stlth   ..........               Q - amulet of Empuskonu {rC++ Regen+}
HPRegen 2.36/turn                G - +4 ring of slaying
MPRegen 0.14/turn                S - +6 ring of dexterity

@: berserking, strong-willed, regenerating, very quick
A: large, rugged brown scales 3, deformed body, armoured tail, roll, long
tongue, awkward tongue
a: Renounce Religion, Berserk, Trog's Hand, Brothers in Arms


You were on level 1 of the Elven Halls.
You worshipped Trog.
Trog was extremely pleased with you.
You visited 4 branches of the dungeon, and saw 23 of its levels.
You also visited: Sewer.

You collected 1784 gold pieces.
You spent 654 gold pieces at shops.

Inventory:

Hand Weapons
 a - a +1 demon whip of venom (weapon)
Missiles
 d - 3 throwing nets
 e - a javelin
 n - 30 poisoned darts
 w - 16 boomerangs (quivered)
 x - 2 curare-tipped darts
Armour
 c - a +2 helmet (worn)
 j - a +0 scale mail
 l - a +3 tower shield (worn)
 q - +0 acid dragon scales
 L - a scarf of repulsion
 N - a +0 leather armour
 O - a +0 plate armour
 U - a scarf of resistance (worn)
 W - a +2 plate armour of poison resistance (worn)
Jewellery
 b - a ring of protection from cold
 u - a ring of flight
 G - a +4 ring of slaying (left hand)
 Q - the amulet of Empuskonu (around neck) {rC++ Regen+}
   (You bought it in a shop on level 1 of the Dungeon)

   [amulet of regeneration]

   rC:        It greatly protects you from cold.
   Regen:     It increases your rate of health regeneration.
 S - a +6 ring of dexterity (right hand)
Wands
 s - a wand of flame (26)
 t - a wand of quicksilver (4)
 B - a wand of roots (10)
 F - a wand of paralysis (18)
 I - a wand of mindburst (27)
 X - a wand of polymorph (5)
Scrolls
 f - 2 scrolls of magic mapping
 i - 9 scrolls of teleportation {@r4}
 o - 5 scrolls of poison
 v - 4 scrolls of summoning
 y - 2 scrolls of vulnerability
 E - a scroll of torment
 H - 2 scrolls of blinking
 K - a scroll of noise
 P - 2 scrolls of butterflies
 Y - a scroll of identify {@r1}
Potions
 g - 3 potions of flight
 k - 4 potions of ambrosia
 m - 4 potions of haste {@q3}
 p - 3 potions of attraction
 r - 5 potions of mutation {unknown}
 z - 3 potions of cancellation
 A - a potion of heal wounds {@q2}
 C - 2 potions of curing {@q1}
 J - 2 potions of lignification
 M - 2 potions of might {unknown}
 R - 2 potions of berserk rage {unknown}
Miscellaneous
 h - a box of beasts
 D - a condenser vane
 T - a phantom mirror
 V - a phial of floods


   Skills:
 + Level 14.2 Fighting
 - Level 11.0(12.0) Maces & Flails
 - Level 7.6(10.3) Staves
 - Level 1.7 Throwing
 - Level 12.4 Armour
 - Level 2.1 Dodging
 * Level 13.7 Shields
 + Level 8.9 Evocations


You had 14 spell levels left.
You didn't know any spells.
Your spell library was empty.

Dungeon Overview and Level Annotations

Branches:
Dungeon (15/15)            Temple (0/1) D:6            Lair (5/5) D:11
 Shoals (0/4) Lair:3       Spider (0/4) Lair:2        Slime (0/5) Lair:4
    Orc (2/2) D:12            Elf (1/3) Orc:2         Sewer (visited)
 Vaults: D:13-14     Depths: D:15

Altars:
Ashenzari
Dithmenos
Elyvilon
Fedhas
Gozag
Kikubaaqudgha
Qazlal
Ru
Sif Muna
Trog
Vehumet
Xom
Yredelemnul
Zin
The Shining One
Jiyva

Shops:
D:1 =   Orc:2 ((*=

Annotations:
D:9 1 runed translucent door, quinnr's ghost, novice NaIE
Lair:4 exclusion: 3 oklob plants


Innate Abilities, Weirdness & Mutations

You are completely covered in rugged brown scales. (AC +3, +7% HP)
Armour fits poorly on your strangely shaped body.
You have a long armoured tail.
You roll when moving toward enemies. (Rampage)
Your long tongue fully drains potion bottles. (2x potion effects)
Your tongue gives you trouble enunciating. (1.5x scroll delay)


Message History

The deep elf knight gestures wildly while chanting.
The deep elf knight flickers and vanishes!
You block the orange demon's attack.
The deep elf high priest mumbles some strange prayers to its god against you.
Something smites you!
* * * LOW HITPOINT WARNING * * *
Unknown command.
You feel sick.
You block the +0 scimitar of holy wrath's attack.
Items here: ))) [[ ††.
You feel a strong urge to attack something.
You feel sick.
You barely miss the +0 scimitar of holy wrath.
You tail-slap the +0 scimitar of holy wrath.
The +0 scimitar of holy wrath is lightly damaged.
You block the +0 scimitar of holy wrath's attack.
You hit the +0 scimitar of holy wrath.
The +0 scimitar of holy wrath is moderately damaged.
The deep elf high priest invokes the aid of its god against you.
Something smites you!
* * * LOW HITPOINT WARNING * * *
You whack the +0 scimitar of holy wrath!
The +0 scimitar of holy wrath is almost destroyed.
You feel sick.
You are no longer poisoned.
You block the +0 scimitar of holy wrath's attack.
You closely miss the +0 scimitar of holy wrath.
The +0 scimitar of holy wrath is almost destroyed.
You block the +0 scimitar of holy wrath's attack.
You miss the +0 scimitar of holy wrath.
The +0 scimitar of holy wrath is severely damaged.
You whack the +0 scimitar of holy wrath!
The +0 scimitar of holy wrath falls from the air.
Trog accepts your kill.
The orc throws a boomerang.
You block the boomerang.
Something unexpectedly blocked you, preventing you from rolling!
You whack something!
The deep elf high priest calls down the wrath of its god upon you.
Something smites you!
You die...

#.. ... ..# #.#
#########+## #.#
##..........## #.#
#.......^....# #.#
#........)...###.####.##
#.....#..)...).@........
##)..###....###{#####.##
##.## ##..## #eo##
##)..## ##'# ##o4#
#.....## #.# #ee#
##......###.# 8e...
.'...)))'...# #8..1{.o
##..)))###### ##..#4.#..
##..)## 8......{.


You could see an Executioner (summoned), a deep elf demonologist (empowered), an
orange demon (summoned), a deep elf archer (empowered, repels missiles), 2 deep
elf high priests, an ice devil (summoned) and 2 orcs.

Vanquished Creatures
  Saint Roka (Orc:2)
  A frost giant (D:10)
  A deep elf demonologist (Elf:1)
  2 hydras
  An ogre mage (Orc:2)
  3 catoblepae (Lair:5)
  A centaur warrior (D:14)
  2 boulder beetles
  10 two-headed ogres
  3 dancing weapons (Elf:1)
  7 death yaks (Lair:5)
  2 orc high priests
  Nergalle (Lair:2)
  2 deep elf knights (Elf:1)
  A fire crab (Lair:4)
  Amaemon (Lair:1)
  2 deep trolls (Orc:2)
  A lindwurm (Lair:5)
  A deep elf archer (Elf:1)
  An oklob plant (D:11)
  7 ugly things (D:15)
  3 deep elf zephyrmancers (Elf:1)
  6 cyclopes
  3 manticores
  6 deep elf pyromancers
  A salamander (shapeshifter) (D:12)
  9 elephants
  2 black mambas
  3 centaur zombies (D:12)
  A merfolk siren (Lair:3)
  An ice statue (D:10)
  2 gargoyles
  A torpor snail (Lair:5)
  11 cane toads
  2 freezing wraiths
  2 rime drakes (Lair:1)
  6 komodo dragons
  14 trolls
  3 hornets
  25 blink frogs
  A merfolk (Lair:3)
  2 polar bears (Lair:1)
  5 slime creatures
  Sigmund (D:2)
  A shadow (D:12)
  A water elemental (Elf:1)
  6 culicivoras
  2 wraiths (D:12)
  A fire elemental (Elf:1)
  3 vampires (D:12)
  A basilisk (Lair:4)
  3 wyverns
  46 yaks
  2 wargs (Orc:2)
  A vampire mosquito (D:12)
  Menkaure (D:6)
  A steam dragon (D:7)
  An acid dragon (D:12)
  A two-headed ogre zombie (D:12)
  13 water moccasins
  13 orc warriors
  10 ice beasts (D:10)
  A black bear (Lair:1)
  17 ogres
  6 centaurs
  2 phantoms
  4 kobold brigands
  2 necrophages (D:5)
  12 bullfrogs
  An earth elemental (Elf:1)
  2 scorpions
  A wyvern zombie (D:5)
  6 wights
  A troll zombie (D:12)
  3 killer bees (D:10)
  11 electric eels
  7 howler monkeys
  5 vampire bats
  4 crimson imps (D:10)
  A bullfrog zombie (D:5)
  A human zombie (D:5)
  13 orc priests
  A jelly (D:7)
  4 hounds
  3 iguanas
  A scorpion zombie (D:5)
  17 orc wizards
  A boggart zombie (D:12)
  6 ogre zombies (D:12)
  A killer bee zombie (D:5)
  A hound zombie (D:5)
  2 mummies (D:5)
  5 gnolls
  10 adders
  2 white imps
  2 ufetubi
  6 worms
  A worm (shapeshifter) (D:15)
  3 dart slugs
  58 orcs
  3 bat skeletons (D:9)
  3 bat zombies (D:9)
  7 endoplasms
  8 giant cockroaches
  6 goblins
  7 hobgoblins
  4 jackals (D:5)
  16 kobolds
  4 quokkas
  16 ball pythons
  7 bats
  6 frilled lizards
  A goblin skeleton (D:12)
  A goblin zombie (D:12)
  3 hobgoblin zombies (D:12)
  3 orc skeletons (D:12)
  17 orc zombies (D:12)
  8 rats
  A bush (Lair:3)
  A butterfly (Lair:1)
614 creatures vanquished.

Vanquished Creatures (collateral kills)
  An ogre mage (Orc:2)
  A two-headed ogre (Orc:2)
  2 death yaks (Lair:5)
  An ugly thing (D:15)
  An orange demon (Lair:1)
  2 merfolk (Lair:3)
  3 slime creatures (D:15)
  A yak (Lair:5)
  A basilisk (D:15)
  An orc warrior (D:12)
  3 ogres (Orc:2)
17 creatures vanquished.

Vanquished Creatures (others)
  An air elemental (Elf:1)
  13 fungi
  34 plants
  A withered plant (D:12)
49 creatures vanquished.

Grand Total: 680 creatures vanquished

Notes
Turn   | Place    | Note
-------+----------+-------------------------------------------
     0 | D:1      | freelancePsychic the Armataur Gladiator began the quest for
                  | the Orb.
     0 | D:1      | Reached XP level 1. HP: 18/18 MP: 1/1
    68 | D:1      | Reached skill level 2 in Fighting
   134 | D:1      | Found Xuizergh's Jewellery Emporium.
   162 | D:1      | Reached XP level 2. HP: 25/25 MP: 2/2
   434 | D:1      | Reached skill level 1 in Armour
   615 | D:1      | Reached XP level 3. HP: 31/32 MP: 3/3
   764 | D:1      | Found a faded altar of an unknown god.
  1318 | D:2      | Reached XP level 4. HP: 30/39 MP: 4/4
  1417 | D:2      | Noticed Sigmund
  1423 | D:2      | Killed Sigmund
  1424 | D:2      | Reached skill level 3 in Fighting
  1424 | D:2      | Reached XP level 5. HP: 40/48 MP: 5/5
  1569 | D:3      | Reached XP level 6. HP: 44/55 MP: 6/6
  1701 | D:3      | Found a bloodstained altar of Trog.
  1701 | D:3      | Found a broken altar of Ashenzari.
  1725 | D:3      | Became a worshipper of Trog the Wrathful
  2658 | D:4      | Found a glowing drain.
  2681 | Sewer    | Entered a sewer
  2731 | Sewer    | Reached skill level 4 in Fighting
  3123 | Sewer    | Reached * piety under Trog
  3286 | Sewer    | Reached XP level 7. HP: 56/64 MP: 7/7
  3539 | D:4      | Reached skill level 5 in Staves
  3697 | D:4      | Reached ** piety under Trog
  3698 | D:4      | Reached skill level 5 in Armour
  3849 | D:4      | Found a shimmering blue altar of Sif Muna.
  3862 | D:4      | Found a shadowy altar of Dithmenos.
  3957 | D:4      | Found a stormy altar of Qazlal.
  4123 | D:5      | Entered Level 5 of the Dungeon
  4663 | D:5      | Reached skill level 5 in Fighting
  5102 | D:5      | Reached XP level 8. HP: 53/72 MP: 8/8
  5183 | D:5      | Found a basalt altar of Yredelemnul.
  5498 | D:6      | Noticed Menkaure
  5503 | D:6      | Killed Menkaure
  5506 | D:6      | Reached skill level 6 in Fighting
  5795 | D:6      | Found a radiant altar of Vehumet.
  5884 | D:6      | Noticed a hornet
  5891 | D:6      | Killed a hornet
  6200 | D:6      | Reached XP level 9. HP: 67/83 MP: 9/9
  6562 | D:6      | Found a staircase to the Ecumenical Temple.
  7294 | D:7      | Found a sacrificial altar of Ru.
  7791 | D:7      | Found a glowing golden altar of the Shining One.
  7792 | D:7      | Found a glowing silver altar of Zin.
  7793 | D:7      | Found a white marble altar of Elyvilon.
  7880 | D:8      | Reached skill level 7 in Fighting
  8423 | D:8      | Found an opulent altar of Gozag.
  8558 | D:8      | Reached skill level 1 in Maces & Flails
  8560 | D:8      | Reached *** piety under Trog
  9503 | D:9      | Noticed a two-headed ogre
  9512 | D:9      | Killed a two-headed ogre
  9513 | D:9      | Reached skill level 8 in Fighting
  9513 | D:9      | Reached skill level 10 in Armour
  9513 | D:9      | Reached XP level 10. HP: 73/94 MP: 10/10
  9776 | D:9      | Noticed a two-headed ogre
  9786 | D:9      | Killed a two-headed ogre
  9850 | D:9      | Found an ancient bone altar of Kikubaaqudgha.
 10087 | D:1      | Bought the amulet of Empuskonu {rC++ Regen+} for 654 gold
                  | pieces
 10301 | D:9      | Identified the +9 trident "Deiwker" {vorpal, rPois Dex+2
                  | Stlth+}
 10302 | D:9      | Found a runed translucent door.
 10303 | D:9      | Noticed quinnr's ghost (novice NaIE)
 10557 | D:10     | Entered Level 10 of the Dungeon
 10734 | D:10     | Found a shimmering altar of Xom.
 10810 | D:10     | Reached skill level 9 in Fighting
 10850 | D:10     | Reached skill level 5 in Maces & Flails
 11056 | D:10     | Reached XP level 11. HP: 103/103 MP: 11/11
 11111 | D:10     | Found a blossoming altar of Fedhas.
 11209 | D:10     | Reached **** piety under Trog
 11451 | D:11     | Found a staircase to the Lair.
 11590 | D:11     | Noticed a boulder beetle
 11603 | D:11     | Killed a boulder beetle
 11604 | D:11     | Reached skill level 1 in Evocations
 11719 | D:11     | Noticed an oklob plant
 11729 | D:11     | Killed an oklob plant
 12020 | D:12     | Noticed a deep elf pyromancer
 12059 | D:12     | Killed a deep elf pyromancer
 12113 | D:12     | Reached skill level 10 in Fighting
 12276 | D:12     | Reached ***** piety under Trog
 12295 | D:12     | Found a staircase to the Orcish Mines.
 12537 | D:12     | You fall into a shaft and drop 3 floors!
 12537 | D:15     | Entered Level 15 of the Dungeon
 12548 | D:15     | Noticed a six-headed hydra
 12558 | D:15     | Killed a six-headed hydra
 12559 | D:15     | Reached skill level 5 in Evocations
 12559 | D:15     | Noticed a purple ugly thing
 12563 | D:15     | Noticed a purple ugly thing
 12565 | D:15     | Noticed a purple ugly thing
 12567 | D:15     | Noticed a purple ugly thing
 12568 | D:15     | Noticed a purple ugly thing
 12575 | D:15     | Killed a purple ugly thing
 12576 | D:15     | Reached XP level 12. HP: 93/115 MP: 12/12
 12630 | D:15     | Reached skill level 11 in Fighting
 12975 | D:14     | Noticed a centaur warrior
 12981 | D:14     | Killed a centaur warrior
 13619 | Lair:1   | Entered Level 1 of the Lair of Beasts
 13762 | D:10     | Noticed a frost giant
 13802 | D:10     | Killed a frost giant
 14250 | Lair:1   | Reached skill level 10 in Maces & Flails
 14343 | Lair:1   | Noticed Amaemon
 14348 | Lair:1   | Killed Amaemon
 14381 | Lair:1   | Reached XP level 13. HP: 105/125 MP: 13/13
 14584 | Lair:1   | Identified the +8 executioner's axe "Kaff" {vorpal, rC+ rN+
                  | Dex+3} (Trog gifted it to you on level 1 of the Lair of
                  | Beasts)
 14584 | Lair:1   | Received a gift from Trog
 14991 | Lair:2   | Noticed Nergalle
 15226 | Lair:1   | Reached skill level 1 in Shields
 15301 | Lair:2   | Killed Nergalle
 15398 | Lair:2   | Reached skill level 12 in Fighting
 15536 | Lair:2   | Found a hole to the Spider Nest.
 15768 | Lair:2   | Identified the +3 morningstar "Ytisemp" {holy, Drain rElec
                  | Int+4 Stlth+}
 16219 | Lair:3   | Found a staircase to the Shoals.
 16283 | Lair:3   | Reached skill level 5 in Shields
 16981 | Lair:4   | Found a staircase to the Slime Pits.
 17739 | Lair:4   | Found a viscous altar of Jiyva.
 17925 | Lair:5   | Entered Level 5 of the Lair of Beasts
 17968 | Lair:5   | Identified the +5 lajatang of Dividends {vorpal, Will++
                  | Int-2 Dex+3 SInv} (Trog gifted it to you on level 5 of the
                  | Lair of Beasts)
 17968 | Lair:5   | Received a gift from Trog
 18145 | Lair:5   | Reached XP level 14. HP: 127/135 MP: 14/14
 18167 | Lair:5   | Reached skill level 13 in Fighting
 18421 | Lair:5   | Reached skill level 10 in Shields
 18653 | Lair:5   | Found the +12 pair of quick blades "Gyre" and "Gimble"
                  | {protect}
 19545 | Orc:1    | Entered Level 1 of the Orcish Mines
 19676 | Orc:2    | Entered Level 2 of the Orcish Mines
 19725 | Orc:2    | Found a staircase to the Elven Halls.
 19905 | Orc:2    | Identified the +13 lajatang of Crawling {vorpal, Drain
                  | rN++} (Trog gifted it to you on level 2 of the Orcish
                  | Mines)
 19905 | Orc:2    | Received a gift from Trog
 20081 | Orc:2    | Found Leiceut's Antique Weapon Emporium.
 20082 | Orc:2    | Found Jiemeyfi's Weapon Emporium.
 20106 | Orc:2    | Reached skill level 14 in Fighting
 20106 | Orc:2    | Reached XP level 15. HP: 49/147 MP: 15/15
 20191 | Orc:2    | Found Nirchury's Assorted Antiques.
 20200 | Orc:2    | Found Coygguf's Jewellery Shoppe.
 20250 | Orc:2    | Noticed Saint Roka
 20280 | Orc:2    | Killed Saint Roka
 20485 | Elf:1    | Entered Level 1 of the Elven Halls
 20618 | Elf:1    | Paralysed by an air elemental for 1 turns
 20619 | Elf:1    | Noticed an Executioner
 20650 | Elf:1    | Received a gift from Trog
 20812 | Elf:1    | Identified the +9 spear of the Undead {spect, rElec rC+}
 20832 | Elf:1    | HP: 8/220 [deep elf high priest/divine providence (15)]
 20833 | Elf:1    | Noticed an Executioner
 20836 | Elf:1    | HP: 2/220 [deep elf high priest/divine providence (9)]
 20841 | Elf:1    | Killed from afar by a deep elf high priest

Illustrated notes

Levels and vault maps discovered:
D:1:      scummos_arrival_gate, layout_loops_ring,
          hellmonk_ecumenical_altar_zigzags, serial_shops, shop, minivault_23,
          minmay_tetromino_o4
D:2:      layout_rooms, grunt_ministairs_5, uniq_sigmund
D:3:      layout_basic, jmf_multi_god_temple, serial_forest,
          infiniplex_forest_end_2, infiniplex_forest_clump_C,
          infiniplex_forest_clump_curved, infiniplex_forest_clump_curved,
          infiniplex_forest_clump_small, infiniplex_forest_zigzag_1,
          infiniplex_forest_clump_diagonal, infiniplex_forest_straight_4,
          infiniplex_forest_clump_double
D:4:      layout_cave_pools, mainiacjoe_overflow_alcove_2,
          mainiacjoe_overflow_large_starburst, cheibrodos_sewer_entry_drain,
          chequers_avenue
D:5:      layout_basic, lemuel_mausoleum_altar_yredelemnul
D:6:      layout_loops_ring, vehumet_altar_wand_db,
          minmay_temple_entry_nine_rooms, uniq_menkaure
D:7:      layout_loops_ring, good_gods_temple_1, lemuel_coloured_pillars_altar,
          kennysheep_small_circle
D:8:      layout_cave_pods, nicolae_gozag_cash_rules_everything_around_me
D:9:      layout_long_grid, kennysheep_vampire_church,
          ebering_ghost_funeral_grove
D:10:     minmay_twisted_water, layout_small_grid, fedhas_altar_4, led_xom_imps,
          nrook_campfire
D:11:     layout_basic, dpeg_oklobed_lair
D:12:     layout_gridville, zombieorc2_lemuel, serial_undead, serial_undead_d,
          serial_undead_a, serial_undead_b, serial_undead_b, minmay_bent
D:13:     layout_loops_ring, serial_shops, nicolae_shop_advertising_works
          [nicolae_subvault_shop_adworks], minivault_1, uniq_sonja
D:14:     regret_index_tunnel_blossom, layout_rooms, david_vaults_1,
          serial_curves, eino_curves_03, eino_curves_02
D:15:     grunt_enter_depths_magical_seal, layout_small_grid,
          minmay_misc_feat_tower, hive_lemuel, uniq_jorgrun, uniq_louise
Lair:1:   layout_roguey, serial_bayou_shore_a, grunt_megastairs_1,
          serial_bayou_shore_b, lemuel_fruit_fields, uniq_amaemon
Lair:2:   layout_regular_city, hellmonk_spider_entry_life_and_decay,
          uniq_nergalle
Lair:3:   layout_long_grid, elwin_shoals_entry_stream,
          minmay_stone_trees_medium, st_stairs_4, roderic_batcave,
          infiniplex_staircase_pool, lemuel_fruit_fields
Lair:4:   layout_gridlike, minmay_slime_entry_oklob_open
Lair:5:   evilmike_catoblepas_cave, layout_regular_city
Orc:1:    minmay_goldmine, layout_caves, uniq_erica
Orc:2:    st_orc_open, layout_caves, uniq_saint_roka
Elf:1:    eino_elf_arrival_customs, layout_gridlike, orc_legates,
          minmay_shop_star

Skill      XL: |  1  2  3  4  5  6  7  8  9 10 11 12 13 14 15 |
---------------+----------------------------------------------+-----
Fighting       | 2 3 4 5 6 8 9 10 11 12 14 | 14.2
Staves         | 3 4 5 6 7 |  7.6
Armour         | 1 3 4 6 7 10 11 12 | 12.4
Maces & Flails | 3 5 7 10 11 | 11.0
Evocations     | 5 6 8 |  8.9
Shields        | 8 12 13 | 13.7
Throwing       | |  1.7
Dodging        | |  2.1

Action                   |  1- 3 |  4- 6 |  7- 9 | 10-12 | 13-15 || total
-------------------------+-------+-------+-------+-------+-------++-------
Melee: Quarterstaff      |   106 |   145 |   291 |       |       ||   542
       Tailslap          |     7 |    19 |    53 |   107 |   210 ||   396
       Dire flail        |       |       |    55 |   557 |       ||   612
       Demon whip        |       |       |       |     6 |   950 ||   956
       Punch             |       |       |       |       |     2 ||     2
Throw: Throwing net      |     1 |     1 |       |       |       ||     2
       Dart              |       |       |     9 |     6 |       ||    15
       Boomerang         |       |       |     2 |       |     7 ||     9
Invok: Berserk           |       |       |     6 |     2 |     4 ||    12
       Trog's Hand       |       |       |     1 |     4 |     7 ||    12
       Brothers in Arms  |       |       |       |     2 |     1 ||     3
Evoke: Wand              |       |       |       |    24 |     7 ||    31
       Condenser vane    |       |       |       |     1 |     4 ||     5
       Phantom mirror    |       |       |       |     1 |       ||     1
       Box of beasts     |       |       |       |       |     2 ||     2
  Use: Scroll            |       |       |    12 |    15 |     6 ||    33
       Potion            |       |       |       |     8 |     5 ||    13
 Stab: Held in net/web   |       |     1 |       |       |       ||     1
       Distracted        |       |       |       |     2 |     2 ||     4
       Fleeing           |       |       |       |     1 |       ||     1
       Paralysed         |       |       |       |       |     2 ||     2
       Invisible         |       |       |       |       |     8 ||     8
Armor: Leather armour    |    23 |       |       |       |       ||    23
       Scale mail        |    34 |     1 |       |       |       ||    35
       Acid dragon scale |       |    45 |   136 |       |       ||   181
       Plate armour      |       |       |       |   384 |   320 ||   704
Dodge: Dodged            |    51 |    54 |   166 |   151 |    83 ||   505
       Repelled          |       |       |       |     5 |       ||     5
Block: Tower shield      |       |       |       |       |   651 ||   651

Table legend: (Time is in decaauts)
 A = Elapsed time spent in this place.
 B = Non-inter-level travel time spent in this place.
 C = Inter-level travel time spent in this place.
 D = Time resting spent in this place.
 E = Time spent auto-exploring this place.
 F = Levels seen in this place.
 G = Mean time per level.
                   A        B        C        D        E       F      G
               +--------+--------+--------+--------+--------+-----+--------+
         Total |  20839 |  19469 |   1370 |   1065 |  14617 |  24 |  868.3 |
       Dungeon |  13398 |  12252 |   1146 |    734 |   9321 |  15 |  893.2 |
          Lair |   5306 |   5111 |    195 |    329 |   3816 |   5 | 1061.2 |
  Orcish Mines |    852 |    824 |     28 |      1 |    558 |   2 |  426.0 |
   Elven Halls |    328 |    328 |      0 |      0 |    168 |   1 |  328.0 |
         Sewer |    953 |    953 |      0 |      0 |    752 |   1 |  953.0 |
               +--------+--------+--------+--------+--------+-----+--------+

Top non-repeatable levels by time:
     D:5: 1685 daAuts
  Lair:5: 1442 daAuts
     D:8: 1265 daAuts
    D:12: 1251 daAuts
     D:3: 1223 daAuts
     D:7: 1219 daAuts
  Lair:1: 1178 daAuts
     D:9: 1175 daAuts
    D:10: 1130 daAuts
  Lair:4: 980 daAuts
     D:6: 968 daAuts
   Sewer: 953 daAuts
  Lair:2: 933 daAuts
     D:1: 918 daAuts
  Lair:3: 771 daAuts
